 Dungeon Crawl Stone Soup version 0.22-a0-825-ga28c36f (webtiles) character file.

46 iamserjio the Insei (level 3, -3/31 HPs)
             Began as a Draconian Monk on July 24, 2018.
             Slain by Crazy Yiuf
             ... wielding a +3 quarterstaff of chaos
              (5 damage)
             ... on level 3 of the Dungeon.
             The game lasted 00:03:44 (605 turns).

iamserjio the Insei (Draconian Monk)                 Turns: 605, Time: 00:03:45

Health: -3/31      AC:  6    Str: 13    XL:     3   Next: 44%
Magic:  3/3        EV: 13    Int: 11    God:
Gold:   50         SH:  0    Dex: 13    Spells: 2/2 levels left

rFire    . . .     SeeInvis .   f - +2 mace (holy)
rCold    . . .     Gourm    .   (no shield)
rNeg     . . .     Faith    .   (armour unavailable)
rPois    .         Spirit   .   (helmet restricted)
rElec    .         Reflect  .   (no cloak)
rCorr    .         Harm     .   c - +0 pair of gloves (curse)
MR       .....                  (no boots)
Stlth    ++........             (no amulet)
HPRegen  0.10/turn              (no ring)
MPRegen  0.08/turn              (no ring)

@: no status effects
A: unfitting armour, cold-blooded, AC +5
a: no special abilities


You were on level 3 of the Dungeon.
You were not hungry.

You visited 1 branch of the dungeon, and saw 3 of its levels.

You collected 50 gold pieces.

Inventory:

Hand Weapons
 f - a +2 mace of holy wrath (weapon)
Missiles
 j - 26 bolts
 k - 14 arrows
Armour
 c - a cursed +0 pair of gloves (worn)
 m - a +2 pair of gloves
Scrolls
 d - a scroll of fear {unknown}
 e - 2 scrolls of teleportation {unknown}
 h - 2 scrolls of remove curse {unknown}
Potions
 b - a potion of mutation {unknown}
 g - a potion of curing {unknown}
 i - a potion of brilliance {unknown}
Comestibles
 a - 2 rations
 l - 3 chunks of flesh


   Skills:
 - Level 3.2 Fighting
 - Level 2.6 Dodging
 - Level 1.7 Stealth
 + Level 4.5 Unarmed Combat


You had 2 spell levels left.
You didn't know any spells.
Your spell library was empty.

Dungeon Overview and Level Annotations

Branches:
Dungeon (3/15)

Altars:
The Shining One

Annotations:
D:2 Natasha
D:3 Crazy Yiuf


Innate Abilities, Weirdness & Mutations

Your plain brown scales are hard. (AC +5)
You cannot fit into any form of body armour.
You are cold-blooded and may be slowed by cold attacks.


Message History

The fungus is almost destroyed.
You hit the fungus.
You destroy the fungus!
You open the door.
Crazy Yiuf the Enlightened comes into view.
He is wielding a quarterstaff of chaos.
There is an open door here.
Crazy Yiuf shouts!
You hit Crazy Yiuf.
Crazy Yiuf is moderately wounded.
Crazy Yiuf hits you with a quarterstaff of chaos!
Crazy Yiuf hits you with a quarterstaff of chaos.
You hit Crazy Yiuf.
Crazy Yiuf is heavily wounded.
Crazy Yiuf barely misses you.
You closely miss Crazy Yiuf.
Crazy Yiuf is heavily wounded.
Crazy Yiuf hits you with a quarterstaff of chaos!
* * * LOW HITPOINT WARNING * * *
Crazy Yiuf burns you.
You die...

+...... #......
##...[. ##.... ##...
##'# ##### ♣♣####
#.# #)..#♣♣
♣P.#.###.#
#.g@'.♣♣♣♣♣P....##.#
#...#♣..♣.PP....#...
#####♣♣♣.♣...#......
♣♣♣♣♣#####... #..#
#.## ...$ ###.# ..#


You could see Crazy Yiuf.

Vanquished Creatures
  An adder (D:2)
  A worm (D:2)
  3 dart slugs
  A leopard gecko (D:1)
  An orc (D:3)
  2 giant cockroaches
  4 goblins (D:1)
  2 hobgoblins
  3 jackals (D:1)
  3 frilled lizards (D:1)
  2 kobolds (D:1)
  3 rats (D:1)
  A fungus (D:3)
27 creatures vanquished.

Notes
Turn   | Place    | Note
-------+----------+-------------------------------------------
     0 | D:1      | iamserjio the Draconian Monk began the quest for the Orb.
     0 | D:1      | Reached XP level 1. HP: 19/19 MP: 1/1
   119 | D:1      | Reached XP level 2. HP: 10/26 MP: 2/2
   182 | D:1      | HP: 1/26 [goblin (3)]
   187 | D:1      | Reached skill level 4 in Unarmed Combat
   352 | D:2      | Found a glowing golden altar of the Shining One.
   365 | D:2      | Reached XP level 3. HP: 11/31 MP: 3/3
   492 | D:2      | Noticed Natasha
   596 | D:3      | Found a runed door.
   600 | D:3      | Noticed Crazy Yiuf
   605 | D:3      | Slain by Crazy Yiuf

Vault maps used:
D:1:      dpeg_arrival_houses_and_road, minmay_misc_feat_ornament
D:2:      nicolae_tso_carved_into_rock, lemuel_crystal_altar,
          minmay_door_square, uniq_natasha
D:3:      cheibrodos_helix_gallery, tgw_kikubaaqudgha, uniq_crazy_yiuf_cottage,
          uniq_grinder

Skill      XL: |  1  2 |
---------------+-------+-----
Unarmed Combat | 4 |  4.5
Fighting       | |  3.2
Dodging        | |  2.6
Stealth        | |  1.7

Action                   || total
-------------------------++-------
Melee: Unarmed           ||    88
       Tailslap          ||    15
       Punch             ||     1
       Mace              ||    26
 Stab: Sleeping          ||     1
Armor: Skin              ||    22
Dodge: Dodged            ||    57

Table legend:
 A = Spawn XP
 B = Non-spawn XP
 C = Spawn XP percentage of total XP
 D = Spawn monster count
 E = Non-spawn monster count
 F = Spawn count percentage of total count
 G = Total turns spent on level
                    A         B        C        D         E        F      G
               +---------+---------+-------+---------+---------+-------+---------
         Total |       0 |      66 |   0.0 |       0 |      26 |   0.0 |   605
               +---------+---------+-------+---------+---------+-------+---------
           D:1 |       0 |      36 |   0.0 |       0 |      20 |   0.0 |   352
           D:2 |       0 |      27 |   0.0 |       0 |       5 |   0.0 |   192
           D:3 |       0 |       3 |   0.0 |       0 |       1 |   0.0 |    61
               +---------+---------+-------+---------+---------+-------+---------
